 Dungeon Crawl Stone Soup version 0.28.0-53-g5a82cb258f (webtiles) character file.

Game seed: 3313910891213701218

874 Zeld the Thaumaturge (level 7, -8/36 HPs)
             Began as a Deep Elf Conjurer on May 24, 2022.
             Shot with a sling bullet by Joseph (11 damage)
             ... on level 7 of the Dungeon.
             The game lasted 00:09:43 (8884 turns).

Zeld the Thaumaturge (Deep Elf Conjurer)            Turns: 8884, Time: 00:09:43

Health: -8/36      AC:  7    Str:  4    XL:     7   Next: 74%
Magic:  20/20      EV: 12    Int: 25    God:
Gold:   275        SH:  0    Dex: 13    Spells: 11/22 levels left

rFire   . . .      SeeInvis .   (no weapon)
rCold   . . .      Faith    .   (no shield)
rNeg    . . .      Spirit   .   a - +0 robe
rPois   .          Reflect  .   B - +2 helmet
rElec   .          Harm     .   (no cloak)
rCorr   .          Rampage  .   u - +0 pair of gloves
Will    .....                   h - +0 pair of boots
Stlth   ++........              (no amulet)
HPRegen 0.12/turn               (no ring)
MPRegen 0.17/turn               (no ring)

@: no status effects
A: no striking features
a: no special abilities


You were on level 7 of the Dungeon.
You visited 1 branch of the dungeon, and saw 7 of its levels.

You collected 275 gold pieces.

Inventory:

Armour
 a - a +0 robe (worn)
 h - a +0 pair of boots (worn)
 u - a +0 pair of gloves (worn)
 B - a +2 helmet (worn)
Wands
 c - a wand of flame (17)
 g - a wand of charming (3)
 l - a wand of mindburst (12)
 t - a wand of iceblast (6)
 y - a wand of digging (6)
Scrolls
 d - 3 scrolls of holy word
 e - 3 scrolls of enchant armour
 f - 2 scrolls of blinking
 i - a scroll of enchant weapon
 r - a scroll of teleportation
 v - a scroll of silence
 z - a scroll of magic mapping
 A - a scroll of noise {unknown}
 C - a scroll of amnesia {unknown}
Potions
 b - a potion of flight {unknown}
 k - a potion of might {unknown}
 m - a potion of curing {unknown}
 n - a potion of lignification {unknown}
 p - a potion of heal wounds {unknown}
 q - a potion of degeneration {unknown}
 s - a potion of haste {unknown}
 w - 3 potions of brilliance {unknown}
 x - a potion of attraction {unknown}


   Skills:
 - Level 2.4 Dodging
 - Level 2.4 Stealth
 * Level 8.2 Spellcasting
 * Level 7.9 Conjurations
 - Level 2.0 Hexes
 - Level 2.0 Translocations


You had 11 spell levels left.
You knew the following spells:

 Your Spells              Type           Power      Damage    Failure   Level
a - Magic Dart            Conj           100%       1d8       1%          1
b - Searing Ray           Conj           98%        2d8       1%          2
c - Fulminant Prism       Conj/Hex       17%        3d11      8%          4
d - Iskenderun's Mystic   Conj/Tloc      35%        2d8       8%          4

Your spell library contained the following spells:

 Spells                   Type           Power      Damage    Failure   Level
 Dazzling Flash           Conj/Hex       70%        N/A       2%          3
 Gell's Gravitas          Tloc           20%        N/A       8%          3
 Lesser Beckoning         Tloc           20%        N/A       8%          3
 Teleport Other           Tloc           20%        N/A       8%          3
 Starburst                Conj/Fire      15%        6d6       87%         6


Dungeon Overview and Level Annotations

Branches:
Dungeon (7/15)
 Temple: D:4-7

Altars:

Shops:
D:7 *

Annotations:
D:7 Joseph


Message History

Confirm with . or Enter, or press ? or * to list all spells.
You can't see any susceptible monsters within range! (Use Z to cast anyway.) Magic restored.
Found an arbalest.
Aiming: Mindburst
Press: ? - help, Shift-Dir - straight line, f - Joseph
Aim: Joseph, wielding a +0 hunting sling, wearing a +0 leather armour and quivering sling bullets (wandering, hasn't noticed you, chance to affect: 47%) Joseph shouts!
Joseph's mind is blasted!
Joseph shoots a sling bullet.
The sling bullet hits you!
Aiming: Mindburst
Press: ? - help, Shift-Dir - straight line, f/p - Joseph
Aim: Joseph, wielding a +0 hunting sling, wearing a +0 leather armour and quivering sling bullets (lightly wounded, chance to affect: 47%)
Okay, then.
You start resting.
Joseph is nearby!
Joseph is nearby!
Joseph shouts, "At last, some action!"
Joseph unwields a +0 hunting sling.
Joseph wields a +0 quarterstaff.
Joseph hits you with a +0 quarterstaff.
Aiming: Mindburst
Press: ? - help, Shift-Dir - straight line, f/p - Joseph
Aim: Joseph, wielding a +0 quarterstaff, wearing a +0 leather armour and quivering sling bullets (lightly wounded, chance to affect: 47%) Joseph's mind is blasted!
Joseph hits you with a +0 quarterstaff!
* * * LOW HITPOINT WARNING * * *
Unknown command.
Aiming: Mindburst
Press: ? - help, Shift-Dir - straight line, f/p - Joseph
Aim: Joseph, wielding a +0 quarterstaff, wearing a +0 leather armour and quivering sling bullets (heavily wounded, chance to affect: 47%) Joseph resists with some effort.
Joseph hits you with a +0 quarterstaff.
* * * LOW HITPOINT WARNING * * *
Unknown command.
Unknown command.
Okay, then.
Blink to where?
Press: ? - help, Dir - move target, p - Joseph
As you read the scroll of blinking, it crumbles to dust.
Joseph unwields a +0 quarterstaff.
Joseph wields a +0 hunting sling.
Joseph shoots a sling bullet.
The sling bullet hits you!
You die...

# #..# ##8.8.8.8.8..## #
#..# #.......8.8...# #
###).# ##............#
######....# #..#........##
..........######.#####.....#
######.......##..# #######
#.....##.....#
#....######.## #.....## ##@#
.....## ###.## ...@##
###.#..## .... ##...#...##
... ##....ยง...8##
##.....#@....###
#.........#8#..#
##....##.####### #########


You could see Joseph.

Vanquished Creatures
  A steam dragon (D:7)
  A sky beast (D:7)
  A centaur (D:5)
  A bullfrog (D:7)
  A water moccasin skeleton (D:5)
  A centaur zombie (D:6)
  A hound (D:4)
  An orc priest (D:7)
  A bullfrog skeleton (D:5)
  3 iguanas
  2 orc wizards
  A hound skeleton (D:5)
  A howler monkey zombie (D:7)
  A howler monkey skeleton (D:7)
  4 gnolls (D:6)
  4 adders
  A white imp (D:7)
  2 adder skeletons (D:5)
  A worm (D:3)
  2 dart slugs (D:3)
  14 orcs
  8 bats
  3 endoplasms
  6 giant cockroaches
  8 goblins
  10 hobgoblins
  3 quokkas (D:1)
  4 ball pythons
  3 frilled lizards
  3 kobolds (D:3)
  3 rats
96 creatures vanquished.

Vanquished Creatures (others)
  13 plants (D:3)
13 creatures vanquished.

Grand Total: 109 creatures vanquished

Notes
Turn   | Place    | Note
-------+----------+-------------------------------------------
     0 | D:1      | Zeld the Deep Elf Conjurer began the quest for the Orb.
     0 | D:1      | Reached XP level 1. HP: 10/10 MP: 6/6
   278 | D:1      | Reached XP level 2. HP: 15/15 MP: 4/8
   475 | D:1      | Learned a level 2 spell: Searing Ray
  1647 | D:2      | Reached skill level 4 in Spellcasting
  1797 | D:2      | Reached skill level 5 in Conjurations
  1797 | D:2      | Reached XP level 3. HP: 13/19 MP: 6/10
  2601 | D:3      | Found a faded altar of an unknown god.
  3389 | D:4      | Reached XP level 4. HP: 24/24 MP: 9/12
  3488 | D:4      | Learned a level 4 spell: Fulminant Prism
  3493 | D:4      | Learned a level 4 spell: Iskenderun's Mystic Blast
  3898 | D:4      | Reached skill level 5 in Spellcasting
  4436 | D:5      | Entered Level 5 of the Dungeon
  4439 | D:5      | Reached skill level 1 in Hexes
  4445 | D:5      | Reached skill level 1 in Translocations
  4445 | D:5      | Reached XP level 5. HP: 28/28 MP: 2/14
  4587 | D:5      | Noticed an ogre
  4914 | D:5      | Reached XP level 6. HP: 32/32 MP: 11/16
  5018 | D:5      | Noticed an orc warrior
  5637 | D:5      | Reached skill level 6 in Spellcasting
  7226 | D:7      | Noticed a steam dragon
  7262 | D:7      | Noticed Joseph
  7662 | D:7      | Found Toczefox's Island Escapes.
  7666 | D:7      | Reached skill level 7 in Spellcasting
  7666 | D:7      | Reached XP level 7. HP: 21/36 MP: 13/19
  8109 | D:7      | Killed a steam dragon
  8110 | D:7      | Reached skill level 8 in Spellcasting
  8884 | D:7      | Shot with a sling bullet by Joseph

Illustrated notes

Levels and vault maps discovered:
D:1:      lemuel_arrival_behind_the_door_small, layout_basic
D:2:      layout_rooms, minmay_hedge_maze, guppyfry_early_orc_mine
D:3:      layout_basic, dilly_ecumenical_altar_fadedgnrine
D:4:      layout_loops_corners
D:5:      layout_loops_corners, st_stairs_9
D:6:      layout_loops_ring, minmay_holes
D:7:      minmay_evil_eye, layout_cave_pods, minmay_temple_entry_trees,
          serial_column_ruins, column_ruins_pillar_2, column_ruins_pillar_6,
          column_ruins_pillar_9, column_ruins_pillar_8, column_ruins_pillar_6,
          column_ruins_pillar_2, column_ruins_pillar_1, column_ruins_pillar_9,
          column_ruins_pillar_1, column_ruins_pillar_4, column_ruins_pillar_1,
          column_ruins_pillar_9, column_ruins_pillar_3, column_ruins_pillar_1,
          column_ruins_pillar_9, column_ruins_pillar_5, nicolae_island_escapes,
          uniq_joseph

Skill      XL: |  1  2  3  4  5  6  7 |
---------------+----------------------+-----
Spellcasting   | 4 5 7 8 |  8.2
Conjurations   | 5 6 7 |  7.9
Hexes          | 1 2 |  2.0
Translocations | 1 2 |  2.0
Dodging        | |  2.4
Stealth        | |  2.4

Action                   |  1- 3 |  4- 6 |  7- 9 || total
-------------------------+-------+-------+-------++-------
Melee: Unarmed           |     2 |     3 |       ||     5
 Cast: Magic Dart        |    21 |       |       ||    21
       Searing Ray       |    37 |    35 |    12 ||    84
Evoke: Wand              |       |       |     3 ||     3
  Use: Scroll            |       |     1 |    10 ||    11
 Stab: Sleeping          |       |     1 |       ||     1
Armor: Robe              |     7 |    10 |     9 ||    26
Dodge: Dodged            |    12 |    23 |    14 ||    49
